 Dungeon Crawl Stone Soup version 0.26-a0-642-g67e9924 (webtiles) character file.

Game seed: 5736782744646176769

326 Bodysuit the Caller (level 6, -1/48 HPs)
             Began as a Merfolk Summoner on Sept 22, 2020.
             Slain by a bullfrog (3 damage)
             ... on level 6 of the Dungeon.
             The game lasted 00:50:32 (8629 turns).

Bodysuit the Caller (Merfolk Summoner)              Turns: 8629, Time: 00:50:33

Health: -1/48      AC:  3    Str: 10    XL:     6   Next: 49%
Magic:  6/10       EV: 13    Int: 14    God:
Gold:   241        SH:  0    Dex: 15    Spells: 10/11 levels left

rFire    . . .     SeeInvis .   m - +0 spear
rCold    . . .     Faith    .   (no shield)
rNeg     . . .     Spirit   .   q - +0 leather armour
rPois    .         Reflect  .   (no helmet)
rElec    .         Harm     .   (no cloak)
rCorr    .         Rampage  .   (no gloves)
MR       .....                  (no boots)
Stlth    +++.......             (no amulet)
HPRegen  0.16/turn              e - ring of stealth
MPRegen  0.12/turn              (no ring)

@: no status effects
A: change form in water, swift swim, stealthy swim
a: no special abilities


You were on level 6 of the Dungeon.
You visited 1 branch of the dungeon, and saw 7 of its levels.

You collected 241 gold pieces.

Inventory:

Hand Weapons
 b - a +0 short sword
 m - a +0 spear (weapon)
 s - a +0 glaive
 u - a +0 hunting sling
 w - a +3 quarterstaff of chaos
Missiles
 h - 2 boomerangs (quivered)
Armour
 a - a +0 robe
 q - a +0 leather armour (worn)
 x - a +0 cloak
Jewellery
 e - a ring of stealth (left hand)
 i - an uncursed amulet of faith
Scrolls
 d - a scroll of fear {unknown}
 j - 2 scrolls of blinking {unknown}
 k - 2 scrolls of magic mapping {unknown}
 l - a scroll of amnesia {unknown}
 o - 3 scrolls of remove curse {unknown}
 p - 3 scrolls of teleportation {unknown}
 r - 3 scrolls of enchant armour {unknown}
 y - a scroll of immolation {unknown}
Potions
 c - 2 potions of curing
 f - 2 potions of flight
 g - 2 potions of stabbing
 n - a potion of lignification {unknown}
 t - a potion of degeneration {unknown}
 v - a potion of mutation {unknown}
 z - a potion of might {unknown}


   Skills:
 * Level 4.0 Fighting
 + Level 3.6 Polearms
 - Level 4.0 Dodging
 - Level 3.0 Stealth
 - Level 3.0 Spellcasting
 - Level 4.4 Summonings


You had 10 spell levels left.
You knew the following spells:

 Your Spells              Type           Power        Failure   Level
a - Summon Small Mammal   Summ           ##..         4%          1

Your spell library contained the following spells:

 Spells                   Type           Power        Failure   Level
 Call Imp                 Summ           ##......     7%          2
 Call Canine Familiar     Summ           ##......     14%         3
 Summon Guardian Golem    Hex/Summ       #.......     34%         3
 Summon Ice Beast         Ice/Summ       #.......     75%         4
 Summon Lightning Spire   Summ/Air       #.......     75%         4


Dungeon Overview and Level Annotations

Branches:
Dungeon (7/15)
 Temple: D:4-7

Altars:
Dithmenos


Message History

Found a stone staircase leading down.
You see here a bullfrog corpse.
Attack whom?
Press: ? - help, Dir - move target cursor, f - bullfrog
Aim: a bullfrog (moderately wounded)
You could not reach far enough!
Your bat hits the bullfrog. The bullfrog misses your bat.
Your quokka closely misses the bullfrog.
The bullfrog hits your bat!
Your bat dies!
Your bat's corpse disappears in a puff of smoke!
Casting: Summon Small Mammal (safe; 4% risk of failure)
Confirm with . or Enter, or press ? or * to list all spells.
Your quokka bites the bullfrog.
Casting: Summon Small Mammal (safe; 4% risk of failure)
Confirm with . or Enter, or press ? or * to list all spells.
The bullfrog hits you!
* * * LOW HITPOINT WARNING * * *
Your quokka bites the bullfrog.
The bullfrog hits you.
You die...

#......
#...#.##
#......# #
#..#.#.##.
#........
#.)#.#.#
#rr....#
#F##.###
#@##.#
#.r......#
#..##....#
#..#####.#
#..# #..
#..# ...
#..# ...
.>.# ..


You could see a bullfrog, 2 friendly quokkas and a friendly rat (summoned).

Vanquished Creatures
  A worker ant (D:2)
  7 adders
  2 oozes
  A dart slug (D:2)
  4 giant cockroaches
  10 hobgoblins
  8 jackals
  4 quokkas
  A ball python (D:2)
  4 bats
  4 frilled lizards
  3 goblins
  8 kobolds
  5 rats
62 creatures vanquished.

Vanquished Creatures (collateral kills)
  An ogre (D:4)
  A bullfrog (D:6)
  Crazy Yiuf (D:3)
  A centaur skeleton (D:3)
  5 adders (D:2)
  A white imp (D:3)
  An ooze (D:3)
  A worm (D:3)
  2 dart slugs
  A giant cockroach (D:2)
  3 goblins
  A hobgoblin (D:3)
  2 jackals (D:1)
  A bat (D:1)
  A jackal zombie (D:6)
  A rat (D:1)
24 creatures vanquished.

Grand Total: 86 creatures vanquished

Notes
Turn   | Place    | Note
-------+----------+-------------------------------------------
     0 | D:1      | Bodysuit the Merfolk Summoner began the quest for the Orb.
     0 | D:1      | Reached XP level 1. HP: 13/13 MP: 3/3
   431 | D:1      | Reached XP level 2. HP: 19/19 MP: 5/5
  1295 | D:1      | Reached XP level 3. HP: 24/24 MP: 3/6
  2257 | D:2      | Found a faded altar of an unknown god.
  3260 | D:2      | Reached skill level 1 in Fighting
  3260 | D:2      | Reached XP level 4. HP: 9/32 MP: 2/7
  3518 | D:2      | Reached skill level 1 in Polearms
  5082 | D:2      | Reached XP level 5. HP: 34/38 MP: 5/8
  5768 | D:3      | Found a shadowy altar of Dithmenos.
  6618 | D:3      | Found a runed translucent door.
  6619 | D:3      | Noticed Crazy Yiuf
  6718 | D:3      | Killed Crazy Yiuf
  7073 | D:4      | Noticed an ogre
  7319 | D:4      | Killed an ogre
  7319 | D:4      | Reached XP level 6. HP: 47/47 MP: 7/10
  8440 | D:5      | Entered Level 5 of the Dungeon
  8453 | D:5      | You fall into a shaft and drop 2 floors!
  8629 | D:6      | HP: 2/48 [bullfrog (7)]
  8629 | D:6      | Slain by a bullfrog

Illustrated notes

Levels and vault maps discovered:
D:1:      nicolae_arrival_washed_ashore, layout_basic
D:2:      minmay_skewed_foursquare, layout_basic,
          chequers_ecumenical_altar_twisty, minmay_quadrilaterals
D:3:      layout_basic, lemuel_round_altar, kennysheep_generic_room_14,
          uniq_crazy_yiuf_cottage
D:4:      layout_basic
D:5:      old_forge, layout_loops_ring, evilmike_ruin_ashenzari,
          uniq_blork_the_orc
D:6:      layout_loops_ring, nicolae_overflow_crystal_walls,
          minmay_temple_entry_butterflies, gup_sewer_entry_bubbles,
          elyvilon_altar_5, uniq_maggie, uniq_grinder
D:7:      layout_layer_cave, gammafunk_temple_overflow_forgotten, serial_shops,
          nicolae_shop_overgrown_old_shop, due_unseen_surprise, uniq_pikel

Skill      XL: |  1  2  3  4  5  6 |
---------------+-------------------+-----
Dodging        | 3 4 |  4.0
Fighting       | 1 3 4 |  4.0
Polearms       | 1 3 |  3.6
Stealth        | 3 |  3.0
Spellcasting   | 3 |  3.0
Summonings     | |  4.4

Action                   |  1- 3 |  4- 6 || total
-------------------------+-------+-------++-------
Melee: Short sword       |   130 |       ||   130
       Spear             |    63 |   225 ||   288
Throw: Boomerang         |       |     4 ||     4
 Cast: Summon Small Mamm |    36 |    95 ||   131
  Use: Potion            |     2 |     4 ||     6
 Stab: Sleeping          |     8 |    13 ||    21
       Distracted        |       |     1 ||     1
Armor: Robe              |    24 |       ||    24
       Leather armour    |     4 |    58 ||    62
Dodge: Dodged            |   141 |   176 ||   317

Table legend: (Time is in decaauts)
 A = Elapsed time spent in this place.
 B = Non-inter-level travel time spent in this place.
 C = Inter-level travel time spent in this place.
 D = Time resting spent in this place.
 E = Time spent auto-exploring this place.
 F = Levels seen in this place.
 G = Mean time per level.
                   A        B        C        D        E       F      G
               +--------+--------+--------+--------+--------+-----+--------+
         Total |   8621 |   7968 |    653 |   2696 |   3541 |   7 | 1231.6 |
       Dungeon |   8621 |   7968 |    653 |   2696 |   3541 |   7 | 1231.6 |
               +--------+--------+--------+--------+--------+-----+--------+

Top non-repeatable levels by time:
     D:2: 3307 daAuts
     D:1: 1885 daAuts
     D:3: 1729 daAuts
     D:4: 1510 daAuts
     D:7: 119 daAuts
     D:6: 55 daAuts
     D:5: 12 daAuts
